 Dungeon Crawl Stone Soup version 0.30-a0-371-gad7725a93e (webtiles) character file.

Game seed: 8216353532766111508

5634 bande the Cleaver (level 10, -10/61 HPs)
             Began as a Gargoyle Fighter on Nov 23, 2022.
             Was a High Priest of Okawaru.
             Mangled by a death yak (17 damage)
             ... on level 1 of the Lair of Beasts.
             The game lasted 00:20:08 (9748 turns).

bande the Cleaver (Gargoyle Fighter)                Turns: 9748, Time: 00:20:09

Health: -10/61     AC: 27    Str: 19    XL:     10   Next: 74%
Magic:  14/14      EV: 11    Int: 10    God:    Okawaru [*****.]
Gold:   451        SH: 10    Dex: 11    Spells: 9/9 levels left

rFire   . . .      SeeInvis .    a - +1 war axe
rCold   . . .      Faith    .    c - +0 buckler
rNeg    + . .      Spirit   .    C - +0 chain mail
rPois   ∞          Reflect  +    n - +0 helmet
rElec   +          Harm     .    r - +1 cloak {Will+}
rCorr   .          Rampage  .    s - +1 pair of gloves
Will    +....      Clarity  +    (no boots)
Stlth   ..........               F - amulet of reflection
HPRegen 0.30/turn                q - +4 ring of protection
MPRegen 0.14/turn                u - +4 ring of evasion

@: no status effects
A: sickness immunity, AC +7, negative energy resistance 1, electricity
resistance, torment resistance 1, petrification resistance, clarity, clumsy 1
a: Renounce Religion, Heroism, Finesse, Duel


You were on level 1 of the Lair of Beasts.
You worshipped Okawaru.
Okawaru was extremely pleased with you.
You visited 3 branches of the dungeon, and saw 10 of its levels.

You collected 451 gold pieces.

Inventory:

Hand Weapons
 a - a +1 war axe (weapon)
 G - a +0 flail
 K - a +5 battleaxe
Missiles
 p - 4 throwing nets (quivered)
Armour
 c - a +0 buckler (worn)
 n - a +0 helmet (worn)
 r - a +1 cloak of willpower (worn)
 s - a +1 pair of gloves (worn)
 C - a +0 chain mail (worn)
Jewellery
 l - a +6 ring of strength
 q - a +4 ring of protection (left hand)
 u - a +4 ring of evasion (right hand)
 y - a ring of magical power
 D - a ring of magical power
 E - a +6 ring of dexterity
 F - an amulet of reflection (around neck)
Wands
 d - a wand of polymorph (4)
 x - a wand of quicksilver (12)
 z - a wand of digging (14)
 B - a wand of flame (25)
Scrolls
 b - 7 scrolls of identify
 j - 2 scrolls of poison
 o - 3 scrolls of amnesia
 t - 2 scrolls of teleportation
 H - a scroll of blinking
 I - a scroll of brand weapon {unknown}
 J - a scroll of acquirement {unknown}
Potions
 e - 5 potions of flight
 f - a potion of cancellation {unknown}
 g - 3 potions of berserk rage {unknown}
 h - a potion of mutation
 i - 2 potions of brilliance
 k - a potion of ambrosia {unknown}
 m - 5 potions of curing
 v - 2 potions of attraction {unknown}
 w - 2 potions of resistance
 A - a potion of degeneration {unknown}
 L - a potion of heal wounds


   Skills:
 + Level 6.7 Fighting
 + Level 9.2 Axes
 + Level 6.7 Armour
 + Level 6.8 Shields
 * Level 6.1 Invocations
 * Level 5.0 Evocations


You had 9 spell levels left.
You didn't know any spells.
Your spell library contained the following spells:

 Spells                   Type           Power      Damage    Failure   Level
 Static Discharge         Conj/Air       0%         2-2/arc   100%        2
 Vhi's Electric Charge    Tloc/Air       0%         N/A       100%        3
 Arcjolt                  Conj/Air       0%         1d10      100%        5
 Lightning Bolt           Conj/Air       0%         1d11      100%        5


Dungeon Overview and Level Annotations

Branches:
Dungeon (8/15)             Temple (1/1) D:7            Lair (1/5) D:8

Altars:
Cheibriados
Elyvilon
Okawaru
Ru
Xom
Yredelemnul
Zin
The Shining One

Shops:
D:4 *


Innate Abilities, Weirdness & Mutations

You are immune to sickness and miasma.
Your stone body is resilient. (AC +7)
You are immune to poison.
You resist negative energy. (rN+)
You are resistant to electric shocks. (rElec)
You are resistant to unholy torment.
You are immune to petrification.
You possess an exceptional clarity of mind.
You are clumsy. (Dex -2)


Message History

You barely miss the death yak.
The death yak is lightly wounded.
You hit the yak. x2; You hit the death yak.
You barely miss the yak. The yak closely misses you.
The yak gores you but does no damage. You block the yak's attack.
The death yak gores you but does no damage.
The death yak barely misses you.
You hit the death yak but do no damage.
The death yak is lightly wounded.
You hit the yak but do no damage. You hit the death yak.
You barely miss the yak. You slash the death yak! You barely miss the yak.
You block the yak's attack. x2
The death yak gores you but does no damage.
The yak completely misses you. The death yak gores you!
* * * LOW HITPOINT WARNING * * *
A death yak comes into view.
The death yak gores you.
* * * LOW HITPOINT WARNING * * *
You hit the death yak.
The death yak is lightly wounded.
You slash the yak!
You kill the yak!
Okawaru accepts your kill.
You barely miss the death yak. You hit the yak but do no damage.
You hit the death yak. You hit the yak.
The death yak gores you but does no damage.
You block the yak's attack.
The death yak gores you but does no damage.
A death yak comes into view.
The death yak barely misses you.
The death yak bellows!
You slash the death yak!
The death yak is moderately wounded.
You hit the yak. You hit the death yak but do no damage.
You barely miss the death yak. You slash the death yak!
You barely miss the yak. You block the yak's attack. The death yak gores you.
* * * LOW HITPOINT WARNING * * *
The yak gores you but does no damage. The death yak barely misses you.
The death yak gores you!
You die...

.# ##.. ..#
..##...##..##
............#
...........#
.......<...#
...........#
...........#
≈~....YYY..##
~~.....@YY.P#
≈≈.....YY..##
≈≈~#######Y#
≈~. .# ≈~ .#


You could see 6 death yaks and 2 yaks.

Vanquished Creatures
  Joseph (D:8)
  A gargoyle (D:8)
  A komodo dragon (D:8)
  Grinder (D:5)
  A wyvern (Temple)
  8 yaks
  Eustachio (D:5)
  Menkaure (D:5)
  An acid dragon (Temple)
  3 water moccasins (D:8)
  An ice beast (D:6)
  2 sky beasts
  2 black bears
  An orc warrior (D:8)
  A centaur (D:7)
  A phantom (D:6)
  3 kobold brigands
  7 bullfrogs
  A gnoll sergeant (D:6)
  A necrophage (D:6)
  A scorpion (D:6)
  7 wights
  A howler monkey (D:4)
  A crimson imp (D:3)
  2 hounds
  2 orc priests (D:5)
  Jessica (D:2)
  2 iguanas (D:6)
  3 orc wizards
  Robin (D:3)
  4 gnolls (D:6)
  12 adders
  2 shadow imps
  3 worms
  2 dart slugs
  25 orcs
  8 ball pythons
  4 endoplasms
  14 goblins
  7 hobgoblins
  7 jackals
  2 quokkas (D:5)
  6 bats
  7 frilled lizards
  A goblin skeleton (D:3)
  A goblin zombie (D:3)
  4 hobgoblin zombies (D:3)
  28 kobolds
  2 kobold zombies (D:3)
199 creatures vanquished.

Vanquished Creatures (others)
  8 fungi (D:8)
  18 plants
26 creatures vanquished.

Grand Total: 225 creatures vanquished

Notes
Turn   | Place    | Note
-------+----------+-------------------------------------------
     0 | D:1      | bande the Gargoyle Fighter began the quest for the Orb.
     0 | D:1      | Reached XP level 1. HP: 14/14 MP: 1/1
   182 | D:1      | Reached XP level 2. HP: 19/19 MP: 2/2
   208 | D:1      | Reached skill level 2 in Axes
   404 | D:1      | Reached XP level 3. HP: 23/23 MP: 3/3
   570 | D:2      | Noticed Jessica
   583 | D:2      | Killed Jessica
   584 | D:2      | Reached XP level 4. HP: 29/29 MP: 4/4
   862 | D:2      | Found a faded altar of an unknown god.
   900 | D:2      | Reached skill level 3 in Axes
  1111 | D:2      | Reached XP level 5. HP: 33/33 MP: 5/5
  1126 | D:2      | Found a sacrificial altar of Ru.
  1187 | D:2      | Gained mutation: You have a pair of small antennae on your
                  | head. [potion of mutation]
  1187 | D:2      | Lost mutation: You have a pair of small antennae on your
                  | head. [potion of mutation]
  1187 | D:2      | Gained mutation: You are clumsy. (Dex -2) [potion of
                  | mutation]
  1187 | D:2      | Gained mutation: You possess an exceptional clarity of
                  | mind. [potion of mutation]
  1634 | D:3      | Noticed Robin
  1667 | D:3      | Killed Robin
  2083 | D:3      | Found a glowing golden altar of the Shining One.
  2156 | D:3      | Reached XP level 6. HP: 38/38 MP: 6/6
  2309 | D:3      | Reached skill level 4 in Axes
  2675 | D:4      | Noticed a black bear
  2687 | D:4      | Killed a black bear
  2721 | D:4      | Found Ruxkuat's General Store.
  2747 | D:4      | Found a basalt altar of Yredelemnul.
  2845 | D:4      | Found an iron altar of Okawaru.
  2866 | D:4      | Became a worshipper of Warmaster Okawaru
  3351 | D:4      | Found a white marble altar of Elyvilon.
  3637 | D:5      | Entered Level 5 of the Dungeon
  3856 | D:5      | Found a shimmering altar of Xom.
  3862 | D:5      | Noticed Grinder
  3876 | D:5      | Paralysed by Grinder for 5 turns
  3892 | D:5      | Killed Grinder
  3892 | D:5      | Reached * piety under Okawaru
  3893 | D:5      | Reached skill level 5 in Axes
  3893 | D:5      | Reached skill level 5 in Armour
  3893 | D:5      | Reached skill level 1 in Invocations
  3893 | D:5      | Reached skill level 1 in Evocations
  3893 | D:5      | Reached XP level 7. HP: 27/44 MP: 6/8
  3986 | D:5      | Noticed Eustachio
  4027 | D:5      | Killed Eustachio
  4277 | D:5      | Noticed Menkaure
  4290 | D:5      | Killed Menkaure
  4291 | D:5      | Reached XP level 8. HP: 9/48 MP: 9/9
  5362 | D:6      | Reached skill level 6 in Axes
  5521 | D:6      | Reached skill level 5 in Fighting
  5637 | D:6      | Found a sacrificial altar of Ru.
  5651 | D:6      | Reached ** piety under Okawaru
  6213 | D:6      | Identified the +0 leather armour of Failure {Harm rPois}
  6449 | D:7      | Found a glowing silver altar of Zin.
  6626 | D:6      | Reached XP level 9. HP: 54/54 MP: 11/11
  6838 | D:6      | Reached skill level 7 in Axes
  6894 | D:7      | Reached skill level 5 in Shields
  7527 | D:7      | Reached *** piety under Okawaru
  7571 | D:7      | Found a staircase to the Ecumenical Temple.
  7589 | Temple   | Entered the Ecumenical Temple
  8449 | D:7      | Reached skill level 8 in Axes
  8456 | D:7      | Reached **** piety under Okawaru
  8457 | D:7      | Reached skill level 5 in Invocations
  8461 | D:7      | Reached XP level 10. HP: 60/60 MP: 13/13
  8756 | D:8      | Noticed Joseph
  8787 | D:8      | Killed Joseph
  8968 | D:8      | Noticed a gargoyle
  8986 | D:8      | Killed a gargoyle
  9287 | D:8      | Reached ***** piety under Okawaru
  9380 | D:8      | Reached skill level 9 in Axes
  9680 | D:8      | Found a staircase to the Lair.
  9728 | Lair:1   | Entered Level 1 of the Lair of Beasts
  9737 | Lair:1   | Noticed a death yak
  9739 | Lair:1   | Noticed a death yak
  9741 | Lair:1   | Reached skill level 5 in Evocations
  9743 | Lair:1   | Noticed a death yak
  9744 | Lair:1   | Noticed a death yak
  9746 | Lair:1   | Noticed a death yak
  9747 | Lair:1   | Noticed a death yak
  9748 | Lair:1   | Mangled by a death yak

Illustrated notes

Levels and vault maps discovered:
D:1:      minmay_arrival_pointy, layout_basic
D:2:      layout_basic, dreamdust_ecumenical_altar_statues, basic_altar,
          minmay_misc_feat_five, minmay_misc_feat_rugged, minmay_tetromino_o4,
          uniq_jessica
D:3:      corexii_shack_village, layout_basic, nicolae_tso_besieged_by_evil,
          uniq_robin
D:4:      layout_cave_pods, kennysheep_ying_yang, overflow_temple_1_default,
          serial_shops, shop, minmay_fractal_squares_5
D:5:      layout_cave_pods, mainiacjoe_overflow_small_starburst, serial_park,
          serial_park_gazebo [serial_park_minivault_5x5_1],
          serial_park_tiny_pond, serial_park_avenue1, serial_park_tiny_pond,
          serial_park_tiny_2, uniq_grinder, uniq_eustachio, uniq_menkaure
D:6:      layout_basic, nicolae_ru_awakened_eye
D:7:      layout_loops_ring, mainiacjoe_overflow_concentric_impassable,
          minmay_temple_entry_nine_rooms, kennysheep_generic_room_13
D:8:      layout_rooms, lemuel_tele_altar, grunt_lair_entry_orc_guard_hut,
          uniq_joseph
Temple:   hellmonk_temple_flake
Lair:1:   layout_regular_city, gauntlet_entry_generic, grunt_megastairs_3,
          infiniplex_staircase_pool_2

Skill      XL: |  1  2  3  4  5  6  7  8  9 10 |
---------------+-------------------------------+-----
Axes           | 2 3 5 6 8 9 |  9.2
Armour         | 4 5 6 |  6.7
Fighting       | 4 5 6 |  6.7
Shields        | 4 5 6 |  6.8
Invocations    | 1 2 3 5 6 |  6.1
Evocations     | 1 3 4 5 |  5.0

Action                   |  1- 3 |  4- 6 |  7- 9 | 10-12 || total
-------------------------+-------+-------+-------+-------++-------
Melee: War axe           |    74 |   301 |   286 |   174 ||   835
  Use: Scroll            |       |    15 |       |       ||    15
       Potion            |       |     2 |     2 |     1 ||     5
Armor: Scale mail        |    50 |   182 |    21 |       ||   253
       Chain mail        |       |       |   177 |   109 ||   286
Dodge: Dodged            |    37 |   153 |   202 |    87 ||   479
Block: Buckler           |    14 |    64 |   163 |   131 ||   372
       Reflection        |       |       |     1 |     3 ||     4

Table legend: (Time is in decaauts)
 A = Elapsed time spent in this place.
 B = Non-inter-level travel time spent in this place.
 C = Inter-level travel time spent in this place.
 D = Time resting spent in this place.
 E = Time spent auto-exploring this place.
 F = Levels seen in this place.
 G = Mean time per level.
                   A        B        C        D        E       F      G
               +--------+--------+--------+--------+--------+-----+--------+
         Total |   9987 |   9857 |    130 |   2925 |   4742 |  10 |  998.7 |
       Dungeon |   9402 |   9272 |    130 |   2414 |   4742 |   8 | 1175.2 |
        Temple |    564 |    564 |      0 |    511 |      0 |   1 |  564.0 |
          Lair |     20 |     20 |      0 |      0 |      0 |   1 |   20.0 |
               +--------+--------+--------+--------+--------+-----+--------+

Top non-repeatable levels by time:
     D:5: 1737 daAuts
     D:6: 1506 daAuts
     D:7: 1430 daAuts
     D:3: 1326 daAuts
     D:4: 970 daAuts
     D:8: 956 daAuts
     D:2: 888 daAuts
     D:1: 585 daAuts
  Temple: 564 daAuts
  Lair:1: 20 daAuts
